 Dungeon Crawl Stone Soup version 0.27.0-1-g7a089689b8 (webtiles) character file.

Game seed: 1764524328996510930

11 Spectrina the Ducker (level 2, 0/18 HPs)
             Began as a Deep Elf Monk on Aug 2, 2021.
             Slain by a hobgoblin (4 damage)
             ... on level 3 of the Dungeon.
             The game lasted 00:01:42 (191 turns).

Spectrina the Ducker (Deep Elf Monk)                 Turns: 191, Time: 00:01:43

Health: 0/18       AC:  2    Str:  8    XL:     2   Next: 17%
Magic:  5/5        EV: 13    Int: 16    God:
Gold:   7          SH:  0    Dex: 17    Spells: 1/1 levels left

rFire    . . .     SeeInvis .   a - +0 short sword
rCold    . . .     Faith    .   (no shield)
rNeg     . . .     Spirit   .   b - +0 robe
rPois    .         Reflect  .   (no helmet)
rElec    .         Harm     .   (no cloak)
rCorr    .         Rampage  .   (no gloves)
Will     .....                  (no boots)
Stlth    ++........             (no amulet)
HPRegen  0.06/turn              (no ring)
MPRegen  0.09/turn              (no ring)

@: no status effects
A: hooves 1, clever 1, mutation resistance 1
a: no special abilities


You were on level 3 of the Dungeon.
You visited 1 branch of the dungeon, and saw 3 of its levels.

You collected 7 gold pieces.

Inventory:

Hand Weapons
 a - a +0 short sword (weapon)
Missiles
 d - 2 stones (quivered)
Armour
 b - a +0 robe (worn)
Scrolls
 c - 2 scrolls of identify {unknown}


   Skills:
 - Level 2.4 Fighting
 - Level 3.0 Short Blades
 - Level 3.6 Dodging
 + Level 2.9 Stealth
 * Level 1.6 Invocations


You had one spell level left.
You didn't know any spells.
Your spell library was empty.

Dungeon Overview and Level Annotations

Branches:
Dungeon (3/15)

Altars:


Innate Abilities, Weirdness & Mutations

You have large cloven feet.
Your mind is acute. (Int +2)
You are somewhat resistant to further mutation.


Message History

There is a stone staircase leading up here.
Unknown command.
Okay, then.
It was a potion of mutation.
You feel extremely strange.
You feel clever.
Your feet thicken and deform.
You feel genetically stable. The giant cockroach misses you.
The giant cockroach barely misses you.
Unknown command.
Unknown command.
Unknown command.
The giant cockroach waves its antennae.
The giant cockroach misses you.
You hit the giant cockroach. Your kick misses the giant cockroach.
The giant cockroach is severely wounded.
The giant cockroach bites you.
You barely miss the giant cockroach. Your kick misses the giant cockroach.
The giant cockroach is severely wounded.
The giant cockroach bites you.
You hit the giant cockroach but do no damage.
The giant cockroach is severely wounded.
The giant cockroach closely misses you.
Okay, then.
You hit the giant cockroach but do no damage.
You kick the giant cockroach.
The giant cockroach is almost dead.
The giant cockroach closely misses you.
You hit the giant cockroach.
You kill the giant cockroach!
You hit the goblin.
You kill the goblin!
You closely miss the hobgoblin.
You kick the hobgoblin, but do no damage.
The hobgoblin hits you but does no damage.
You hit the hobgoblin. Your kick misses the hobgoblin.
The hobgoblin is severely wounded.
The hobgoblin hits you.
* * * LOW HITPOINT WARNING * * *
You closely miss the hobgoblin.
The hobgoblin is severely wounded.
The hobgoblin hits you.
You die...

..###.... ..#......
...Z.....< .P.......#
...#.....# ♣........#
..)......##############
.........<..wgg@.......
###.....##############
#.....# #######


You could see a dart slug, a hobgoblin and a goblin.

Vanquished Creatures
  A dart slug (D:1)
  An endoplasm (D:3)
  A giant cockroach (D:3)
  A goblin (D:3)
  3 jackals (D:1)
  A kobold (D:1)
8 creatures vanquished.

Notes
Turn   | Place    | Note
-------+----------+-------------------------------------------
     0 | D:1      | Spectrina the Deep Elf Monk began the quest for the Orb.
     0 | D:1      | Reached XP level 1. HP: 13/13 MP: 3/3
    39 | D:1      | Reached skill level 1 in Invocations
   135 | D:3      | Noticed a hound
   137 | D:3      | Reached XP level 2. HP: 6/18 MP: 5/5
   177 | D:3      | Gained mutation: Your mind is acute. (Int +2) [potion of
                  | mutation]
   177 | D:3      | Gained mutation: You have large cloven feet. [potion of
                  | mutation]
   177 | D:3      | Gained mutation: You are somewhat resistant to further
                  | mutation. [potion of mutation]
   191 | D:3      | Slain by a hobgoblin

Illustrated notes

Levels and vault maps discovered:
D:1:      onia_arrival_mini_spirals, layout_basic
D:2:      layout_basic, serial_shops, nicolae_shop_window_shopping
D:3:      layout_rooms, chequers_temple_overflow_minitemple,
          dreamdust_ecumenical_altar_grove, serial_undead, serial_undead_b,
          serial_undead_f, serial_undead_a, serial_undead_b, serial_undead_b

Skill      XL: |  1 |
---------------+----+-----
Invocations    | 1 |  1.6
Fighting       | |  2.4
Short Blades   | |  3.0
Dodging        | |  3.6
Stealth        | |  2.9

Action                   || total
-------------------------++-------
Melee: Short sword       ||    35
       Kick              ||     2
  Use: Potion            ||     1
 Stab: Sleeping          ||     2
Armor: Robe              ||     5
Dodge: Dodged            ||    24
